 Dungeon Crawl Stone Soup version 0.21.0-3-g78d12a8 (webtiles) character file.

26 Hisonoko the Sneak (level 2, -3/13 HPs)
             Began as a Spriggan Enchanter on Jan 13, 2018.
             Slain by a kobold
             ... wielding a +0 dagger
              (4 damage)
             ... on level 1 of the Dungeon.
             The game lasted 00:08:01 (1534 turns).

Hisonoko the Sneak (Spriggan Enchanter)             Turns: 1534, Time: 00:08:02

Health: -3/13      AC:  2    Str:  4    XL:     2   Next: 89%
Magic:  5/6        EV: 18    Int: 16    God:
Gold:   50         SH:  0    Dex: 16    Spells: 5/6 levels left

rFire    . . .     SeeInvis +   a - +1 dagger
rCold    . . .     Gourm    .   (shield restricted)
rNeg     . . .     Faith    .   b - +0 robe
rPois    .         Spirit   .   (helmet restricted)
rElec    .         Reflect  .   (no cloak)
rCorr    .         Harm     .   (gloves unavailable)
MR       .....                  (boots unavailable)
Stlth    +++.......             (no amulet)
HPRegen  0.04/turn              (no ring)
MPRegen  0.10/turn              (no ring)

@: very quick
A: very small, unfitting armour, see invisible, herbivore, speed 3, slow
metabolism 2
a: no special abilities


You were on level 1 of the Dungeon.
You were not hungry.

You visited 1 branch of the dungeon, and saw 2 of its levels.

You collected 50 gold pieces.

Inventory:

Hand Weapons
 a - a +1 dagger (weapon)
 f - a +0 dagger
Missiles
 g - 11 stones (quivered)
Armour
 b - a +0 robe (worn)
Scrolls
 e - a scroll of fog {unknown}
 h - a scroll of immolation {unknown}
 i - a scroll of blinking {unknown}
Books
 c - a book of Maledictions

   Spells                             Type                      Level
   a - Corona                         Hexes                        1
   b - Ensorcelled Hibernation        Hexes/Ice                    2
   c - Confuse                        Hexes                        3
   d - Tukima's Dance                 Hexes                        3
   e - Dazzling Spray                 Conjuration/Hexes            3
Comestibles
 d - 3 rations


   Skills:
 * Level 1.5 Short Blades
 + Level 3.2 Dodging
 * Level 5.4 Stealth
 + Level 2.7 Spellcasting
 + Level 4.0 Hexes


You had 5 spell levels left.
You knew the following spells:

 Your Spells              Type           Power        Failure   Level  Hunger
a - Corona                Hex            ###....      3%          1    #......


Dungeon Overview and Level Annotations

Branches:
Dungeon (2/15)

Altars:


Innate Abilities, Weirdness & Mutations

You are very small and have problems with some larger weapons.
You are too small for most types of armour.
You have supernaturally acute eyesight. (SInv)
You are a herbivore.
You cover ground extremely quickly.
You need consume almost no food.


Message History

The hobgoblin closely misses you.
You hit the hobgoblin.
The hobgoblin is heavily wounded.
The kobold barely misses you. The hobgoblin closely misses you.
You completely miss the hobgoblin.
The hobgoblin is heavily wounded.
The kobold closely misses you. The hobgoblin barely misses you.
You barely miss the hobgoblin.
The hobgoblin is heavily wounded.
The kobold barely misses you.
The hobgoblin hits you but does no damage.
You hit the hobgoblin but do no damage.
The hobgoblin is heavily wounded.
You hit the hobgoblin but do no damage.
The hobgoblin is heavily wounded.
The hobgoblin closely misses you. The kobold hits you but does no damage.
You hit the hobgoblin but do no damage.
The hobgoblin is heavily wounded.
The hobgoblin misses you. The kobold hits you with a dagger.
You die...

........#.#..............#
..........#.#.####.#######
.....††.#.#.#.######
..###'###.#...(....#
.†.##.#######.####.#
....#.........# #.#
....########### #.#
....##############.#######
#...#..........K@g........
#.#.#.############.##.####
...............###.##.#
##..#.#####).....#..#.#
#....# ##.####....#.#
##....# #...#.#.#..#.#
......# #.##...##.##.#####
......# #.#).#.[#........#
......####.##...##.....####


You could see a hobgoblin and a kobold.

Vanquished Creatures
  A dart slug (D:1)
  2 bats (D:1)
  3 giant cockroaches (D:1)
  4 goblins (D:1)
  A jackal (D:1)
  A ball python (D:1)
  5 frilled lizards (D:1)
  2 kobolds (D:1)
  5 rats (D:1)
24 creatures vanquished.

Notes
Turn   | Place    | Note
-------+----------+-------------------------------------------
     0 | D:1      | Hisonoko the Spriggan Enchanter began the quest for the Orb.
     0 | D:1      | Reached XP level 1. HP: 9/9 MP: 5/5
   726 | D:1      | Reached XP level 2. HP: 10/13 MP: 6/6
   815 | D:1      | Reached skill level 5 in Stealth
  1534 | D:1      | Slain by a kobold

Skill      XL: |  1  2 |
---------------+-------+-----
Stealth        | 5 |  5.4
Hexes          | 4 |  4.0
Short Blades   | |  1.5
Dodging        | |  3.2
Spellcasting   | |  2.7

Action                   || total
-------------------------++-------
Melee: Dagger            ||    81
Throw: Stone             ||    15
 Cast: Corona            ||     4
 Stab: Sleeping          ||    17
Armor: Robe              ||    19
Dodge: Dodged            ||    79
